AoeStats
← federico.parolin

Scandinavia

510316183Analyzed
1v1 RM · 1d ago on Sep 30, 2026· 46m 20s· 2 players
Game mode
Random Map
Map size
Tiny (2 player)
Population
200
Speed
Normal
Resources
Standard
Victory
Conquest
Starting age
Dark Age
Ending age
Imperial Age
RankedLock teamsTeams togetherTeam positionsShared explorationLock speedFull tech treeHidden civsTurbo modeCheats
Victory
Defeat
🇦🇷 Franks · Argentina
1080
+16
🇵🇱 Bohemians · Poland
1082
-16
federico.parolin
6:49 Loom
9:39 Feudal Age
13:01 Double-Bit Axe
19:10 Castle Age
17:43 Scale Barding Armor
17:37 Gold Mining
19:14 Stone Mining
19:36 Forging
20:28 Chain Barding Armor
21:35 Husbandry
22:20 Iron Casting
28:44 Gold Shaft Mining
27:52 Ordonnance Companies
28:39 Scale Mail Armor
29:54 Bow Saw
33:18 Imperial Age
34:40 Wheelbarrow
33:50 Town Watch
34:10 Elite Throwing Axeman
35:12 Conscription
36:14 Chemistry
35:34 Ballistics
37:16 Hand Cart
37:39 Hoardings
37:53 Cavalier
40:37 Plate Barding Armor
41:03 Blast Furnace
39:54 Fletching
44:47 Paladin
45:24 Bodkin Arrow
45:47 Chain Mail Armor
45:28 Bodkin Arrow
a5892731
3:31 Loom
11:07 Feudal Age
11:34 Horse Collar
19:36 Castle Age
19:00 Scale Mail Armor
18:57 Double-Bit Axe
19:41 Pikeman
22:53 Bow Saw
23:45 Squires
26:39 Wheelbarrow
26:56 Chain Mail Armor
30:14 Caravan
30:52 Scale Barding Armor
33:48 Imperial Age
32:31 Town Watch
34:05 Chemistry
33:26 Ballistics
33:11 Fletching
33:31 Forging
33:25 Padded Archer Armor
33:48 Chain Barding Armor
33:45 Heavy Plow
34:26 Halberdier
36:00 Bodkin Arrow
36:36 Plate Mail Armor
35:42 Elite Skirmisher
Connection lost

Rejoining the realm…

Still unreachable

The connection could not be restored.

Session expired

The server has moved on; the page needs a fresh start.